 Dungeon Crawl Stone Soup version 0.14.0-25-g43f8a4e (webtiles) character file.

705 Heini the Covered (level 7, -13/61 HPs)
             Began as a Hill Orc Fighter on Apr 24, 2014.
             Was an Initiate of Okawaru.
             Mangled by Prince Ribbit (14 damage)
             ... on Level 4 of the Dungeon.
             The game lasted 00:15:38 (4615 turns).

Heini the Covered (Hill Orc Fighter)                Turns: 4615, Time: 00:15:39

HP -13/61        AC  9     Str 21      XL: 7   Next: 33%
MP   7/7         EV  6     Int  8      God: Okawaru [......]
Gold 136         SH 18     Dex 10      Spells:  0 memorised,  6 levels left

rFire  . . .     SeeInvis .     k - +1 hand axe (flame)
rCold  . . .     Clarity  .     b - +0 scale mail
rNeg   . . .     Conserve .     c - +0 shield
rPois  .         rCorr    .     (no helmet)
rElec  .         rRot     .     y - +0 cloak (curse)
SustAb . .       Spirit   .     (no gloves)
rMut   .         Warding  .     (no boots)
Saprov + . .     Stasis   .     (no amulet)
MR     .....                    (no ring)
                                (no ring)

@: not resistant to hostile enchantments, extremely unstealthy
A: saprovore 1
a: Renounce Religion


You were on level 4 of the Dungeon.
You worshipped Okawaru.
Okawaru was noncommittal.
You were not hungry.

You visited 1 branch of the dungeon, and saw 5 of its levels.

You collected 136 gold pieces.

Inventory:

Hand weapons
 a - a +0,+0 war axe
 k - a +1,+1 hand axe of flaming (weapon)
Armour
 b - a +0 scale mail (worn)
 c - a +0 shield (worn)
 y - a cursed +0 cloak (worn)
Magical devices
 n - a wand of random effects (8) {unknown}
 o - a wand of enslavement (7) {unknown}
 p - a wand of frost (15) {unknown}
 x - a wand of slowing (14) {unknown}
 B - a wand of cold (7) {unknown}
Comestibles
 d - a meat ration
 j - 4 bread rations
 u - a lemon
 A - a rotting chunk of orc flesh
Scrolls
 i - 4 scrolls of remove curse
 q - a scroll of enchant armour {unknown}
 r - a scroll of immolation {unknown}
 s - 2 scrolls of blinking
 t - 2 scrolls of teleportation {unknown}
 v - a scroll of magic mapping {unknown}
 w - a scroll of noise {unknown}
 C - a scroll of recharging {unknown}
 D - 2 scrolls of identify
 E - a scroll of enchant weapon I
 F - 2 scrolls of amnesia
Jewellery
 f - an uncursed ring of poison resistance {unknown}
 G - a +3 ring of intelligence {unknown}
Potions
 e - 3 potions of might
 g - 2 potions of curing
 h - 2 potions of flight
 l - a potion of lignification {unknown}
 m - a potion of degeneration {unknown}
Books
 z - a book of Cantrips

   Spells                             Type                      Level
   Confusing Touch                    Hexes                        1
   Animate Skeleton                   Necromancy                   1
   Summon Small Mammal                Summoning                    1
   Apportation                        Translocation                1


   Skills:
 * Level 5.3 Fighting
 * Level 6.0 Axes
 * Level 6.7 Armour
 - Level 3.4 Shields


You had 6 spell levels left.
You didn't know any spells.

Dungeon Overview and Level Annotations

Branches:
Dungeon (5/15)
 Temple: D:4-7

Altars:
Elyvilon
Okawaru

Shops:
D:4 [

Annotations:
D:4 Prince Ribbit


Innate Abilities, Weirdness & Mutations

You can tolerate rotten meat.


Message History

You block Prince Ribbit's attack. x2
You climb upwards.
There is a stone staircase leading down here.
Prince Ribbit barely misses you.
Prince Ribbit hits you but does no damage.
You block Prince Ribbit's attack.
Prince Ribbit hits you but does no damage.
Prince Ribbit blinks!
Prince Ribbit momentarily phases out as your attack passes through him.
Prince Ribbit is heavily wounded.
Prince Ribbit completely misses you.
You hit Prince Ribbit. You burn Prince Ribbit.
Prince Ribbit is severely wounded.
You block Prince Ribbit's attack. Prince Ribbit hits you!
* * * LOW HITPOINT WARNING * * *
You hit Prince Ribbit. You burn Prince Ribbit.
Prince Ribbit is severely wounded.
Prince Ribbit croaks regally.
Prince Ribbit hits you!
You die...

.....%......# #....>.#
#######.....# #......# #
#.....# #......# # #.....#
#......# # #.....# #......#
#######.....# #......#
............##########......#
.......<[...................#
...............F@.........>.#
#############################


You could see Prince Ribbit.

Vanquished Creatures
  An ogre (D:4)
  A scorpion (D:4)
  Crazy Yiuf (D:3)
  2 worker ants
  3 orc wizards
  Ijyb (D:4)
  A hound skeleton (D:4)
  3 gnolls (D:2)
  7 adders
  5 worms
  A giant mite (D:3)
  An inept feature mimic (D:4)
  2 giant geckos (D:1)
  An ooze (D:2)
  12 orcs
  11 bats
  6 giant cockroaches
  7 hobgoblins
  4 jackals (D:1)
  7 kobolds
  2 quokkas
  2 ball pythons (D:3)
  3 giant newts
  13 goblins
  A hobgoblin skeleton (D:4)
  7 rats
  A rat zombie (D:3)
  2 fungi (D:3)
108 creatures vanquished.

Notes
Turn   | Place    | Note
--------------------------------------------------------------
     0 | D:1      | Heini, the Hill Orc Fighter, began the quest for the Orb.
     0 | D:1      | Reached XP level 1. HP: 19/19 MP: 1/1
   119 | D:1      | Reached skill level 4 in Fighting
   119 | D:1      | Reached XP level 2. HP: 24/27 MP: 2/2
   516 | D:1      | Reached XP level 3. HP: 33/33 MP: 3/3
  1030 | D:2      | Reached XP level 4. HP: 33/40 MP: 4/4
  1945 | D:2      | HP: 2/40 [gnoll/halberd (15)]
  2230 | D:2      | Reached XP level 5. HP: 35/47 MP: 5/5
  2375 | D:2      | Reached skill level 5 in Armour
  3183 | D:3      | Noticed Crazy Yiuf
  3194 | D:3      | Killed Crazy Yiuf
  3315 | D:3      | Reached XP level 6. HP: 42/53 MP: 6/6
  3413 | D:4      | Reached skill level 5 in Axes
  3534 | D:4      | Noticed an ogre
  3543 | D:4      | Killed an ogre
  3543 | D:4      | Reached skill level 6 in Armour
  3657 | D:4      | Found a white marble altar of Elyvilon.
  3805 | D:4      | Found Voahyvyon's Antique Armour Shoppe.
  3855 | D:4      | Reached XP level 7. HP: 31/60 MP: 7/7
  4134 | D:4      | Found an iron altar of Okawaru.
  4142 | D:4      | Became a worshipper of Warmaster Okawaru
  4259 | D:4      | Reached skill level 5 in Fighting
  4269 | D:4      | Noticed Ijyb
  4297 | D:4      | Killed Ijyb
  4418 | D:5      | Entered Level 5 of the Dungeon
  4584 | D:5      | Noticed Prince Ribbit
  4614 | D:4      | HP: 1/61 [Prince Ribbit (10)]
  4615 | D:4      | Mangled by Prince Ribbit

Action                   |  1- 3 |  4- 6 |  7- 9 || total
-------------------------+-------+-------+-------++-------
Melee: War axe           |    81 |       |       ||    81
       Hand axe          |    58 |   280 |    60 ||   398
  Use: Scroll            |     2 |     6 |       ||     8
